 Dungeon Crawl Stone Soup version 0.22.1-1-ga44c0e5 (webtiles) character file.

25241 Heatsaber the Thaumaturge (level 13, -3/56 HPs)
             Began as a Vine Stalker Enchanter on Sept 29, 2018.
             Was an Elder of Ashenzari.
             Killed from afar by an orc sorcerer (16 damage)
             ... with a bolt of fire
             ... on level 2 of the Orcish Mines on Sept 30, 2018.
             The game lasted 02:39:27 (14641 turns).

Heatsaber the Thaumaturge (Vine Stalker Enchanter) Turns: 14641, Time: 02:39:27

Health: -3/56      AC: 13    Str: 10 (11) XL:     13   Next: 18%
Magic:  0/27       EV: 17    Int: 18 (19) God:    Ashenzari [****..]
Gold:   265        SH:  0    Dex: 16      Spells: 8/31 levels left

rFire    . . .     SeeInvis +   s - +0 dagger (venom) (curse)
rCold    + . .     Gourm    .   (no shield)
rNeg     . . .     Faith    .   R - +1 leather armour {rC+}
rPois    +         Spirit   +   c - +0 helmet (curse)
rElec    .         Reflect  .   G - +0 cloak (curse)
rCorr    .         Harm     .   g - +0 pair of gloves (curse)
MR       +....     Clarity  +   (no boots)
Stlth    ++++......             h - amulet of regeneration (curse)
HPRegen  1.38/turn              F - +5 ring of protection (curse)
MPRegen  0.20/turn              B - ring of poison resistance

@: very slightly contaminated, drained, invisible
A: fangs 3, deterioration 1, frail 2, regeneration 2, magic shield, antimagic
bite, no potion heal 3, rot immunity
a: Curse Item, Scrying, Renounce Religion


You were on level 2 of the Orcish Mines.
You worshipped Ashenzari.
Ashenzari was greatly pleased with you.
You were hungry.

You visited 4 branches of the dungeon, and saw 15 of its levels.

You collected 1172 gold pieces.
You spent 907 gold pieces at shops.

Inventory:

Hand Weapons
 a - a cursed +1 dagger
 s - a cursed +0 dagger of venom (weapon)
 I - a +0 rapier
 K - a +2 short sword of electrocution
 L - the cursed +2 mace of the Stoat {crush, *Contam Int+7}
   (You found it on level 2 of the Lair of Beasts)

   It inflicts extra damage upon your enemies.
   It affects your intelligence (+7).
   It causes magical contamination when unequipped.
   It has a curse placed upon it.
 S - a cursed +1 glaive of chopping
Armour
 b - a +0 robe
 c - a cursed +0 helmet (worn)
 g - a cursed +0 pair of gloves (worn)
 i - the +2 helmet of a sewer {*Slow rElec Dex+2 SInv}
   (You found it on level 6 of the Dungeon)

   It affects your dexterity (+2).
   It insulates you from electricity.
   It lets you see invisible.
   It may slow you when you take damage.
 z - a +0 leather armour
 G - a cursed +0 cloak (worn)
 R - a +1 leather armour of cold resistance (worn)
Magical Staves
 E - an uncursed staff of cold
Jewellery
 h - a cursed amulet of regeneration (around neck)
 B - a ring of poison resistance (right hand)
 F - a cursed +5 ring of protection (left hand)
 J - an uncursed ring of ice
 N - an uncursed ring of protection from cold
Wands
 p - a wand of iceblast (3)
 x - a wand of disintegration (20)
 A - a wand of acid (1)
 H - a wand of polymorph (4)
Scrolls
 e - 2 scrolls of magic mapping
 k - a scroll of holy word {unknown}
 m - a scroll of immolation {unknown}
 n - 2 scrolls of remove curse
 o - 6 scrolls of teleportation
 w - a scroll of enchant armour {unknown}
 y - 4 scrolls of fear
 M - a scroll of amnesia {unknown}
 O - 2 scrolls of fog {unknown}
 P - 2 scrolls of enchant weapon {unknown}
Potions
 f - 2 potions of berserk rage
 j - a potion of invisibility
 l - a potion of might
 q - 6 potions of curing
 t - 4 potions of flight
 u - a potion of haste
 C - 2 potions of agility
Comestibles
 d - 15 rations
 Q - 10 chunks of flesh


   Skills:
 + Level 9.2(8.5) Fighting
 - Level 7.6(10.4) Short Blades
 - Level 5.2(4.6) Armour
 + Level 7.1(8.7) Dodging
 - Level 6.0(7.6) Stealth
 + Level 9.5(8.8) Spellcasting
 + Level 6.6(8.3) Conjurations
 - Level 8.0(9.6) Hexes
 - Level 2.2(3.4) Charms
 - Level 1.4(2.4) Translocations
 - Level 1.5(2.5) Air Magic


You had 8 spell levels left.
You knew the following spells:

 Your Spells              Type           Power        Failure   Level  Hunger
a - Corona                Hex            #####..      1%          1    None
b - Ensorcelled Hibernat  Hex/Ice        ####..       2%          2    None
c - Confuse               Hex            #####...     1%          3    None
d - Tukima's Dance        Hex            #####...     1%          3    None
e - Mephitic Cloud        Conj/Pois/Air  ###.....     8%          3    None
f - Blink                 Tloc           N/A          6%          2    None
g - Conjure Flame         Conj/Fire      ###.....     6%          3    None
h - Iskenderun's Battles  Conj/Chrm      ####....     28%         5    #####..
i - Magic Dart            Conj           ####         1%          1    None

Your spell library contained the following spells:

 Spells                   Type           Power        Failure   Level  Hunger
 Slow                     Hex            #####...     1%          2    None
 Dazzling Spray           Conj/Hex       #####.       1%          3    None
 Call Imp                 Summ           #.......     19%         2    None
 Venom Bolt               Conj/Pois      ###.......   52%         5    #####..
 Bolt of Magma            Conj/Fire/Erth ###.......   71%         5    #####..
 Iron Shot                Conj/Erth      ###.......   97%         6    ######.
 Orb of Destruction       Conj           #####.....   97%         7    #######
 Spellforged Servitor     Conj/Summ      ###.......   100%        7    #######


Dungeon Overview and Level Annotations

Branches:
Dungeon (10/15)            Temple (1/1) D:5            Lair (2/6) D:10
 Spider (0/4) Lair:2          Orc (2/2) D:10            Elf (0/3) Orc:2
  Swamp: Lair:2-4    Shoals: Lair:2-4

Altars:
Ashenzari
Cheibriados
Dithmenos
Elyvilon
Fedhas
Gozag
Hepliaklqana
Kikubaaqudgha
Makhleb
Nemelex Xobeh
Okawaru
Qazlal
Ru
Sif Muna
Trog
Uskayaw
Vehumet
Wu Jian
Xom
Yredelemnul
Zin
The Shining One
Beogh

Shops:
D:4 !   D:9 [![   Orc:2 (:*?

Portals:
Pandemonium: Orc:2

Annotations:
Orc:2 1 runed door


Innate Abilities, Weirdness & Mutations

You have razor-sharp teeth.
You heal very quickly.
When hurt, damage is shared between your health and your magic reserves.
Your bite disrupts and absorbs the magic of your enemies.
Potions cannot restore your health.
You are immune to rotting.
Your body sometimes deteriorates upon taking damage.
You are very frail. (-20% HP)


Message History

An infernal demonspawn comes into view.
Ashenzari warns you: It is wielding a long sword of slicing.
The orc sorcerer completely misses you.
Unknown command.
You hit the orc high priest.
The orc high priest is poisoned.
The orc high priest is heavily wounded.
The orc high priest hits you with a war axe!
* * * LOW HITPOINT WARNING * * *
Your body deteriorates!
You feel weakened.
Unknown command.
Unknown command.
Unknown command.
Unknown command.
Unknown command.
Okay, then.
Unknown command.
You fade into invisibility!
The orc sorcerer casts a spell at you. The bolt of fire hits you!
You die...

..##...[.)###.###)[####
.........###...###)[##
........###.#(#.###[)##
#......###...#...###).##
#.....###...###..)###[)##
.....###...##*##...###))##
....###..[##.6)##.)..).).##
...###...##..#).##..[#))).##
..###.#[##..###o@##[.[.#...##
.###.....).##.∩#o.##.)(..#.∩##
###.....#.##∩......##[.#.....#
.###.......##.∩#..##(....#.∩##
..###.#.##..###..##)...#...##
...###...##..# .##.[.#....##
....###[..##...##..[.....##
.....###...##.##...###..##
......###.))###.).###..##


You could see an orc high priest, an infernal demonspawn, an orc sorcerer and a
friendly battlesphere.

Vanquished Creatures
  Harold (D:9)
  A two-headed ogre (D:9)
  5 orc high priests (Orc:2)
  2 sun demons (Orc:2)
  A soul eater (Orc:2)
  2 gelid demonspawn (Orc:2)
  4 orc knights (Orc:2)
  2 orc sorcerers (Orc:2)
  4 spiny frogs
  3 komodo dragons
  A jumping spider (Lair:2)
  2 hornets
  2 hippogriffs
  10 blink frogs (Lair:1)
  4 redbacks (Lair:2)
  A wraith (D:10)
  A ynoxinul (Orc:2)
  5 yaks (D:9)
  A basilisk (Lair:1)
  A hog (shapeshifter) (D:10)
  A neqoxec (Orc:2)
  2 hungry ghosts (D:9)
  2 dancing weapons
  Edmund (D:6)
  A warg (Orc:1)
  5 water moccasins
  8 porcupines
  27 orc warriors
  3 sky beasts
  An ice beast (D:7)
  A black bear (D:10)
  2 phantoms
  4 ogres
  2 centaurs
  6 crocodiles
  8 bullfrogs
  3 scorpions
  4 killer bees (D:10)
  2 vampire bats (Lair:2)
  A howler monkey (D:4)
  5 crimson imps
  2 jellies (D:5)
  A bullfrog zombie (D:8)
  A quasit (D:8)
  26 orc priests
  2 bullfrog skeletons (D:9)
  A hound (D:8)
  10 orc wizards
  6 worker ants
  A killer bee zombie (D:10)
  A hound skeleton (D:10)
  2 hound zombies (D:7)
  2 worker ant zombies
  Robin (D:3)
  6 adders
  2 shadow imps (D:7)
  An ooze (D:1)
  2 worms (D:4)
  5 leopard geckos
  82 orcs
  A ball python (D:4)
  12 bats
  4 giant cockroaches
  18 goblins
  10 hobgoblins
  4 jackals (D:1)
  5 quokkas
  5 frilled lizards
  7 kobolds
  2 leopard gecko skeletons
  11 rats
  2 butterflies (Lair:1)
  A fungus (Lair:1)
378 creatures vanquished.

Vanquished Creatures (collateral kills)
  2 orc sorcerers (Orc:2)
  A red devil (Orc:2)
  7 orc warriors (Orc:2)
  4 ogres
  An orc wizard (Orc:2)
  3 orc priests (Orc:2)
  8 orcs
26 creatures vanquished.

Vanquished Creatures (others)
  16 dancing weapons
  24 fungi (D:10)
  4 plants
44 creatures vanquished.

Grand Total: 448 creatures vanquished

Notes
Turn   | Place    | Note
-------+----------+-------------------------------------------
     0 | D:1      | Heatsaber the Vine Stalker Enchanter began the quest for
                  | the Orb.
     0 | D:1      | Reached XP level 1. HP: 9/9 MP: 4/4
    17 | D:1      | Reached skill level 1 in Short Blades
   143 | D:1      | Reached XP level 2. HP: 11/13 MP: 3/6
   159 | D:1      | Learned a level 2 spell: Ensorcelled Hibernation
   397 | D:1      | Found a shattered altar of Ashenzari.
   640 | D:1      | Became a worshipper of Ashenzari the Shackled
   771 | D:1      | Reached XP level 3. HP: 9/16 MP: 6/8
  1183 | D:2      | Found an opulent altar of Gozag.
  1530 | D:2      | Gained mutation: Your natural rate of healing is unusually
                  | fast. [Vine Stalker growth]
  1530 | D:2      | Reached XP level 4. HP: 15/21 MP: 9/9
  1759 | D:2      | Found a burning altar of Makhleb.
  1896 | D:2      | Learned a level 3 spell: Confuse
  1900 | D:2      | Learned a level 3 spell: Tukima's Dance
  1908 | D:2      | Reached skill level 5 in Stealth
  2442 | D:3      | Found a shimmering altar of Xom.
  2489 | D:3      | Noticed Robin
  2501 | D:3      | Reached XP level 5. HP: 22/24 MP: 5/10
  2531 | D:3      | Killed Robin
  2894 | D:4      | Noticed a phantom
  2914 | D:4      | Killed a phantom
  2914 | D:4      | Reached skill level 5 in Hexes
  2914 | D:4      | Reached XP level 6. HP: 16/28 MP: 3/11
  3197 | D:4      | Reached * piety under Ashenzari
  3280 | D:4      | Found Zixaesok's Distillery.
  3283 | D:4      | Bought a potion of curing for 33 gold pieces
  3283 | D:4      | Bought a potion of invisibility for 88 gold pieces
  3283 | D:4      | Bought a potion of haste for 110 gold pieces
  3411 | D:4      | Reached XP level 7. HP: 28/32 MP: 4/12
  3621 | D:4      | Found a deep blue altar of Sif Muna.
  4063 | D:5      | Entered Level 5 of the Dungeon
  4140 | D:5      | Found a sparkling altar of Nemelex Xobeh.
  4341 | D:5      | Found a staircase to the Ecumenical Temple.
  4444 | D:5      | Gained mutation: You have razor-sharp teeth. [Vine Stalker
                  | growth]
  4444 | D:5      | Reached XP level 8. HP: 25/36 MP: 4/13
  4603 | Temple   | Entered the Ecumenical Temple
  5178 | D:6      | Noticed Edmund
  5191 | D:6      | Killed Edmund
  5191 | D:6      | Reached skill level 5 in Short Blades
  5200 | D:6      | Identified the +2 helmet of a sewer {*Slow rElec Dex+2
                  | SInv}
  5299 | D:6      | Found a basalt altar of Yredelemnul.
  5299 | D:6      | Reached ** piety under Ashenzari
  5542 | D:7      | Noticed a hippogriff
  5559 | D:7      | Killed a hippogriff
  5588 | D:7      | Found a white marble altar of Elyvilon.
  5931 | D:7      | Reached XP level 9. HP: 39/39 MP: 14/14
  6049 | D:7      | Found a blossoming altar of Fedhas.
  6050 | D:7      | Found an ancient bone altar of Kikubaaqudgha.
  6683 | D:8      | Found a shadowy altar of Dithmenos.
  6754 | D:8      | Reached skill level 1 in Armour
  6789 | D:8      | Noticed a hornet
  6798 | D:8      | Killed a hornet
  7241 | D:9      | Reached *** piety under Ashenzari
  7358 | D:9      | Noticed a two-headed ogre
  7379 | D:9      | Killed a two-headed ogre
  7379 | D:9      | Reached skill level 5 in Armour
  7379 | D:9      | Reached XP level 10. HP: 44/44 MP: 10/15
  7498 | D:9      | Found Levoihoa's Armour Emporium.
  7595 | D:9      | Found a hide-covered altar of Uskayaw.
  7599 | D:9      | Found Kezin's Distillery.
  7733 | D:9      | Found a glowing golden altar of the Shining One.
  7735 | D:9      | Found an iron altar of Okawaru.
  7743 | D:9      | Found Forecviga's Armour Boutique.
  7782 | D:9      | Reached skill level 1 in Fighting
  7831 | D:9      | Noticed a cyclops
  7833 | D:9      | Found a hazy altar of Hepliaklqana.
  7837 | D:9      | Noticed Harold
  7884 | D:9      | Killed Harold
  7894 | D:9      | Reached skill level 5 in Spellcasting
  8196 | D:10     | Entered Level 10 of the Dungeon
  8298 | D:10     | Learned a level 3 spell: Mephitic Cloud
  8301 | D:10     | Learned a level 2 spell: Blink
  8305 | D:10     | Learned a level 3 spell: Conjure Flame
  8611 | D:10     | Reached skill level 1 in Conjurations
  8671 | D:10     | Noticed a guardian serpent
  8702 | D:10     | Noticed a moth of wrath
  8702 | D:10     | a guardian serpent changed into a moth of wrath
  8868 | D:10     | Found a snail-covered altar of Cheibriados.
  8917 | D:10     | Found a staircase to the Lair.
  9038 | D:10     | Reached **** piety under Ashenzari
  9053 | D:10     | Reached XP level 11. HP: 49/54 MP: 13/21
  9112 | D:10     | Reached skill level 5 in Fighting
  9464 | D:10     | Found a roughly hewn altar of Beogh.
  9464 | D:10     | Found a staircase to the Orcish Mines.
  9756 | Lair:1   | Entered Level 1 of the Lair of Beasts
 10732 | Lair:2   | Reached skill level 1 in Air Magic
 10885 | Lair:2   | Found a hole to the Spider Nest.
 10937 | Lair:2   | Reached skill level 1 in Translocations
 11053 | Lair:2   | Gained mutation: You heal very quickly. [Vine Stalker
                  | growth]
 11053 | Lair:2   | Reached XP level 12. HP: 58/64 MP: 9/25
 11187 | Lair:2   | Reached skill level 5 in Dodging
 11323 | Lair:2   | Learned a level 5 spell: Iskenderun's Battlesphere
 11352 | Lair:2   | Identified the cursed +2 mace of the Stoat {crush, *Contam
                  | Int+7}
 11744 | Orc:1    | Entered Level 1 of the Orcish Mines
 11972 | Orc:2    | Entered Level 2 of the Orcish Mines
 12001 | Orc:1    | Reached skill level 1 in Charms
 12101 | Orc:2    | Found a runed door.
 12379 | Orc:2    | Found a roughly hewn altar of Beogh.
 12393 | Orc:2    | Learned a level 1 spell: Magic Dart
 12400 | Orc:2    | Found a staircase to the Elven Halls.
 12639 | Orc:2    | Reached ***** piety under Ashenzari
 12718 | Orc:2    | Found Geas's General Store.
 12728 | Orc:2    | Found Monotop's Magic Scroll Shoppe.
 12988 | Orc:2    | Noticed a soul eater
 13292 | Orc:2    | Killed a soul eater
 13502 | Orc:2    | Bought a scroll of acquirement for 676 gold pieces
 13677 | Orc:2    | Noticed a sun demon
 13677 | Orc:2    | Noticed an orc high priest
 13713 | Orc:2    | Noticed a sun demon
 13746 | Orc:2    | Killed a sun demon
 13797 | Orc:2    | Noticed an orc high priest
 13837 | Orc:2    | Reached skill level 5 in Conjurations
 14188 | Orc:2    | Killed an orc high priest
 14217 | Orc:2    | Gained mutation: You are frail. (-10% HP) [a neqoxec]
 14221 | Orc:2    | Gained mutation: Your body sometimes deteriorates upon
                  | taking damage. [a neqoxec]
 14223 | Orc:2    | Gained mutation: You are very frail. (-20% HP) [a neqoxec]
 14278 | Orc:2    | Killed a sun demon
 14379 | Orc:2    | Noticed an orc high priest
 14395 | Orc:2    | Killed an orc high priest
 14437 | Orc:2    | Killed an orc high priest
 14501 | Orc:2    | Reached XP level 13. HP: 56/56 MP: 15/27
 14529 | Orc:2    | Paralysed by an orc sorcerer for 5 turns
 14632 | Orc:2    | Found Keam's Antique Weapon Boutique.
 14632 | Orc:2    | Found a one-way gate leading to the halls of Pandemonium.
 14632 | Orc:2    | Found Gotyotah's Book Shop.
 14641 | Orc:2    | Killed from afar by an orc sorcerer

Skill      XL: |  1  2  3  4  5  6  7  8  9 10 11 12 13 |
---------------+----------------------------------------+-----
Short Blades   | 1 2 3 4 6 7 |  7.6
Spellcasting   | 3 6 8 9 |  9.5
Stealth        | 4 5 6 |  6.0
Hexes          | 5 7 8 |  8.0
Dodging        | 2 4 6 7 |  7.1
Armour         | 5 |  5.2
Fighting       | 4 8 9 |  9.2
Conjurations   | 2 3 6 |  6.6
Air Magic      | 1 |  1.5
Translocations | 1 |  1.4
Charms         | 2 |  2.2

Action                   |  1- 3 |  4- 6 |  7- 9 | 10-12 | 13-15 || total
-------------------------+-------+-------+-------+-------+-------++-------
Melee: Dagger            |    99 |   221 |   321 |   720 |    40 ||  1401
       Bite              |    25 |    62 |    87 |   206 |    19 ||   399
 Cast: Confuse           |       |    24 |    36 |    71 |     2 ||   133
       Tukima's Dance    |       |     5 |    24 |    51 |     2 ||    82
       Ensorcelled Hiber |       |       |       |    36 |       ||    36
       Blink             |       |       |       |     2 |       ||     2
       Mephitic Cloud    |       |       |       |    72 |     6 ||    78
       Corona            |       |       |       |     7 |       ||     7
       Conjure Flame     |       |       |       |     3 |       ||     3
       Magic Dart        |       |       |       |    26 |     6 ||    32
       Iskenderun's Batt |       |       |       |     8 |     2 ||    10
Invok: Curse Item        |     1 |     2 |     2 |     1 |       ||     6
       Scrying           |       |       |     1 |       |       ||     1
Evoke: Wand              |       |       |       |    17 |       ||    17
  Use: Scroll            |       |       |     4 |     7 |       ||    11
       Potion            |       |       |       |     5 |     1 ||     6
 Stab: Sleeping          |    14 |    10 |     9 |    24 |       ||    57
       Confused          |       |     7 |    23 |    59 |     2 ||    91
  Eat: Chunk             |     2 |     9 |    14 |    31 |       ||    56
       Ration            |       |       |     2 |       |       ||     2
Armor: Robe              |    22 |    31 |    20 |       |       ||    73
       Leather armour    |       |       |    22 |   106 |     5 ||   133
       Skin              |       |       |       |     2 |       ||     2
Dodge: Dodged            |    45 |    96 |   116 |   319 |    10 ||   586
